Cogmind - Beta 17 @@@ ROGUE MODE // 2026.07.04 @ 14:07:34 Player: ginkogruen Result: Destroyed by G-47 Trooper with Particle Gun Performance ------------- Evolutions (0) 0 Regions Visited (1) 200 Robots Destroyed (8) 40 Value Destroyed (279) 279 Prototype IDs (0) 0 Alien Tech Used (0) 0 Bonus (0) 0 TOTAL SCORE: 519 Bonus ------- None Cogmind --------- Core Integrity 0/250 Matter 300/300 Energy 100/100 System Corruption 1% Temperature Cool (9) Movement Walking (120) Location -10/Materials Parts ------- > --- POWER (1) -------- (None) > --- PROPULSION (2) --- Light Treads Aluminum Leg > --- UTILITY (2) ------ Small Storage Unit Terrain Scan Processor > --- WEAPON (2) ------- Hammer > --- INVENTORY (8) ---- Light Treads Aluminum Leg Structural Scanner Sensor Array Signal Interpreter Power Shielding Beam Cannon Peak State ------------ > --- POWER ------------ Ion Engine > --- PROPULSION ------- Aluminum Leg Aluminum Leg > --- UTILITY ---------- Small Storage Unit Terrain Scan Processor > --- WEAPON ----------- Medium Laser Small Laser > --- INVENTORY -------- Light Ion Engine Light Treads Light Treads [Rating: 8] Favorites ----------- Power Light Ion Engine Engine Light Ion Engine Propulsion Aluminum Leg Treads Light Treads Leg Aluminum Leg Wheel Wheel Utility Small Storage Unit Storage Small Storage Unit Processor Terrain Scan Processor Weapon Medium Laser Energy Gun Medium Laser Impact Weapon Hammer Build | -11 -10 ------- Run | Yrd Mat Slots Evolved . | . . Power . | . . Propulsion . | . . Utility . | . . Weapon . | . . Parts Attached 17 | 6 11 Power 3 | 1 2 Engine 3 | 1 2 Core . | . . Reactor . | . . Propulsion 8 | 2 6 Treads 1 | . 1 Leg 4 | . 4 Wheel 3 | 2 1 Hover . | . . Flight . | . . Utility 2 | 1 1 Device . | . . Storage 1 | 1 . Processor 1 | . 1 Hackware . | . . Protection . | . . Artifact . | . . Weapon 4 | 2 2 Energy Gun 3 | 2 1 Energy Cannon . | . . Ballistic Gun . | . . Ballistic Cannon . | . . Launcher . | . . Special Weapon . | . . Impact Weapon 1 | . 1 Slashing Weapon . | . . Piercing Weapon . | . . Special Melee Weapon . | . . Unidentified Prototypes . | . . Parts Lost 8 | . 8 Power 2 | . 2 Propulsion 4 | . 4 Utility . | . . Weapon 2 | . 2 Highest Loss Streak 4 | . 4 To Critical Strikes . | . . Average Backups 6 | 2 6 Power 1 | . 1 Propulsion 2 | 1 3 Utility 1 | . 1 Weapon . | . . Tool/Special . | . . Unused Backups 6 | . 6 Power . | . . Propulsion 1 | . 1 Utility 4 | . 4 Weapon 1 | . 1 Tool/Special . | . . Average Slot Usage (%) 93 | . 93 Engine 14 | . 14 Leg 16 | . 16 Wheel 10 | . 10 Storage 14 | . 14 Processor 8 | . 8 Energy Gun 21 | . 21 Impact Weapon 6 | . 6 Peak Build Rating 8 | 6 8 Average Rating 6 | 4 7 On Entrance 3 | . 6 Avg Prop Armor Cover (%) 10 | . 10 Naked Turns . | . . Heaviest Build 13 | 13 13 Greatest Support 20 | 20 20 Greatest Overweight (x) 4 | 4 1 Average Overweight (x) . | . . Largest Inventory Capacity 8 | 8 8 Average Capacity 7 | 7 8 Most Carried 8 | 6 8 Average Carried 6 | 2 6 Final Capacity 8 | 8 8 Final Carried 7 | 6 7 Class Distribution -------------------- 100% | Mutant Dominant Class ---------------- Mutant | -10/Materials Resources | -11 -10 ----------- Run | Yrd Mat Matter Collected 377 | 204 173 Remotely . | . . Salvage Created 297 | . 297 Parts 13 | . 13 Haulers Intercepted . | . . Recyclers Shooed . | . . Parts Field Recycled . | . . Retrieved Matter . | . . Parts Self-Destructed . | . . Prevented . | . . Parts Restored . | . . Kills | -11 -10 ------- Run | Yrd Mat Combat Hostiles Destroyed 7 | . 7 Melee 3 | . 3 Guns 2 | . 2 Classes Destroyed 2 | . 2 Builder 1 | . 1 Grunt 7 | . 7 Best Kill Streak 3 | . 3 Combat Bots Only 3 | . 3 Max Kills in Single Turn 1 | . 1 Gunslinging . | . . Exploded . | . . Melee 1 | . 1 Uniques/NPCs Destroyed . | . . Combat | -11 -10 -------- Run | Yrd Mat Hostile Shots Fired 100 | . 100 Missed 19 | . 19 Hits 81 | . 81 Projectile 81 | . 81 Critical Strikes 3 | . 3 Damage Taken 1036 | . 1036 Core 253 | . 253 Absorbed by Shields . | . . Core Remaining (%) 100 | 100 . Volleys Fired 19 | . 19 Largest 2 | . 2 Hottest 90 | . 90 Shots Fired 34 | . 34 Gun 34 | . 34 Cannon . | . . Launcher . | . . Special . | . . Kinetic . | . . Thermal 28 | . 28 Explosive . | . . Electromagnetic 6 | . 6 Robot Hit Streak 13 | . 13 Robot Miss Streak 2 | . 2 Penetration Max . | . . Secondary Targets . | . . Shots Hit Robots 34 | . 34 Core Hits 9 | . 9 Critical Kills . | . . Critical Parts Destroyed 2 | . 2 Critical Strikes 3 | . 3 Burn 1 | . 1 Smash 2 | . 2 Melee Attacks 22 | . 22 Impact 22 | . 22 Slashing . | . . Piercing . | . . Sneak Attacks . | . . Combat Hostiles . | . . Follow-up Attacks . | . . Damage Inflicted 679 | . 679 Guns 289 | . 289 Cannons . | . . Explosions 95 | . 95 Melee 295 | . 295 Ramming . | . . Kinetic . | . . Thermal 329 | . 329 Explosive . | . . Electromagnetic 55 | . 55 Impact 295 | . 295 Slashing . | . . Piercing . | . . Highest Corruption 1 | . 1 Average Corruption 1 | . 1 Corruption Purged . | . . Corruption Blocked . | . . Overload Shots . | . . Overflow Damage 87 | . 87 Projectiles . | . . Explosions 33 | . 33 Melee 54 | . 54 Knockbacks 1 | . 1 Impact 1 | . 1 Kinetic . | . . Secondary . | . . Self-Inflicted Damage 53 | . 53 Shots 1 | . 1 Rammed . | . . Targets Rammed . | . . Kicked . | . . Crushed . | . . Highest Temperature 408 | . 408 Average Temperature 205 | . 205 Received Heat Transfer 609 | . 609 Effects 5 | . 5 Shutdowns 1 | . 1 Energy Bleed 1 | . 1 Interference 2 | . 2 Matter Decay 1 | . 1 Siege Activations . | . . Martial Activations . | . . Shielding Activations . | . . Robots Disrupted . | . . Combat Hostiles . | . . Robots Corrupted 2 | . 2 Combat Hostiles 2 | . 2 Parts Fried 2 | . 2 Impact Corruptions 3 | . 3 Robots Melted . | . . Combat Hostiles . | . . Parts Melted 1 | . 1 Heat Transferred 782 | . 782 Parts Sabotaged . | . . Parts Stolen . | . . Parts Stripped . | . . Power Chain Reactions 1 | . 1 Alert | -11 -10 ------- Run | Yrd Mat Maximum Alert Level . | . . Low Security (%) 100 | 100 100 Level 1 . | . . Level 2 . | . . Level 3 . | . . Level 4 . | . . Level 5 . | . . High Security . | . . Max Security . | . . Peak Influence 50 | . 50 Initial . | . . Average 14 | . 16 Influence Increases 199 | . 199 Destroy 0b10 Robot/C 140 | . 140 Destroy 0b10 Robot/NC 5 | . 5 Destroy Leader 30 | . 30 Disable Machine 15 | . 15 Destroy Structure 9 | . 9 Influence Decreases 177 | . 177 Time Decay 130 | . 130 Lost Part 47 | . 47 Squads Dispatched 1 | . 1 Investigation 1 | . 1 Extermination . | . . Reinforcement . | . . Assault . | . . Garrison . | . . Intercept . | . . Searches Triggered . | . . Construction Impeded . | . . Haulers Reinforced . | . . Active Scanning Responses . | . . Cargo Convoy Interrupts . | . . Stealth | -11 -10 --------- Run | Yrd Mat Distress Signals 1 | . 1 Communications Jammed . | . . Distress Signals . | . . Times Spotted 11 | . 11 Peak Tracking Total 7 | . 7 Tactical Retreats . | . . Traps | -11 -10 ------- Run | Yrd Mat Traps Triggered 2 | . 2 Indirectly . | . . Trap Hack Attempts . | . . Triggered . | . . Disarmed . | . . Reprogrammed . | . . Reused . | . . Traps Extracted . | . . Installed . | . . Triggered . | . . Machines | -11 -10 ---------- Run | Yrd Mat Machines Disabled 1 | . 1 Max in Single Turn 1 | . 1 Machines Repaired . | . . Machines Dismantled . | . . Machines Sabotaged . | . . Overloaded Fab Kills . | . . Hacking | -11 -10 --------- Run | Yrd Mat Machines Accessed 1 | . 1 Terminals 1 | . 1 Fabricators . | . . Repair Stations . | . . Recycling Units . | . . Scanalyzers . | . . Garrison Access . | . . Total Hacks 3 | . 3 Successful . | . . Failed 3 | . 3 Catastrophic 1 | . 1 Database Lockouts . | . . Manual . | . . Terminals 3 | . 3 Fabricators . | . . Repair Stations . | . . Recycling Units . | . . Scanalyzers . | . . Garrison Access . | . . Terminal Hacks . | . . Fabricator Hacks . | . . Repair Station Hacks . | . . Recycling Unit Hacks . | . . Scanalyzer . | . . Garrison Access Hacks . | . . Unauthorized Hacks . | . . Terminals . | . . Fabricators . | . . Repair Stations . | . . Recycling Units . | . . Scanalyzers . | . . Garrison Access . | . . Data Cores Recovered . | . . Used . | . . Hacking Detections 1 | . 1 Full Trace Events . | . . Feedback Events . | . . Feedback Blocked . | . . Robot Schematics Acquired . | . . Robots Built . | . . Authchips . | . . Time . | . . Total Robot Build Rating . | . . Part Schematics Acquired . | . . Parts Built . | . . Authchips . | . . Time . | . . Total Part Build Rating . | . . Part Studies Acquired . | . . Parts Repaired . | . . Time . | . . Parts Recycled . | . . Recycled Matter . | . . Retrieved Matter . | . . Retrieved Components . | . . Parts Scanalyzed . | . . Part Schematics Acquired . | . . Parts Damaged . | . . Bothacking | -11 -10 ------------ Run | Yrd Mat Used RIF Installer . | . . Robots Hacked . | . . Non-combat . | . . Combat . | . . Robot Hacks Applied . | . . Relay Couplers Released . | . . Fabnet Peak Effective % . | . . Robots Rewired . | . . Allies Hacked . | . . Hacks Repelled . | . . Allies | -11 -10 -------- Run | Yrd Mat Total Allies . | . . Largest Group . | . . Highest-Rated Group . | . . Highest-Rated Ally . | . . Total Orders . | . . Ally Attacks . | . . Total Damage . | . . Kills . | . . Allies Corrupted . | . . Allies Melted . | . . Intel | -11 -10 ------- Run | Yrd Mat Active Infowar (turns) . | . . Robot Analysis Total . | . . Derelict Logs Recovered . | . . Drone Launches . | . . Drone Recoveries . | . . Exploration | -11 -10 ------------- Run | Yrd Mat Turns Passed 458 | 49 409 Spaces Moved 316 | 41 275 Core 13 | 13 . Treads 4 | . 4 Legs 92 | . 92 Wheels 207 | 28 179 Hover . | . . Flight . | . . Fastest Speed 50 | 50 80 Average Speed 96 | 84 98 Slowest Speed 250 | 250 190 Overloaded Moves . | . . Propulsion Burnouts . | . . Robots Hopped . | . . Potential Cave-ins . | . . Cave-ins Triggered . | . . Exploration Rate (%) 23 | 3 44 Regions Visited 1 Branch Regions . Pre-discovered Areas . | . . Known Exits Taken . | . . Unknown Exits Taken 1 | 1 . Scrap Searched . | . . Spaces Dug . | . . Terrain Destroyed 5 | . 5 Melee . | . . Projectile . | . . AOE 5 | . 5 Terrain Rammed . | . . Walls Destroyed . | . . Machines Disabled . | . . Actions | -11 -10 --------- Run | Yrd Mat Total 391 | 52 339 Wait 4 | . 4 Move 315 | 40 275 Hop . | . . Pick Up 12 | 6 6 Fast Attach 7 | 6 1 Attach 6 | . 6 Detach . | . . Swap 4 | . 4 Drop 2 | . 2 Fire 19 | . 19 Melee 22 | . 22 Ram . | . . Kick . | . . Crush . | . . Escape Stasis . | . . Rewire . | . . Trap . | . . Miscellaneous . | . . Route ------- -11/Scrapyard -10/Materials History --------- Turn | Location | Event 4 | -11/Scrapyard | Discovered new exit (range 15) 50 | -11/Scrapyard | Entered Materials 188 | -10/Materials | Lost 3 parts (2n1w) 319 | -10/Materials | Build established: Mutant 329 | -10/Materials | Core integrity fell below 50% 447 | -10/Materials | Core integrity fell below 20% 459 | -10/Materials | Destroyed by G-47 Trooper with Particle Gun Last Messages --------------- 00350_ G-34 Mercenary system terminally corrupted. 00351_ K-01 Serf collects debris. 00352_ Acquired 10 matter. 00354_ K-01 Serf collects debris. 00371_ T-07 Excavator is excavating. 00391_ Acquired Beam Cannon. 00415_ W-16 Scout sends out distress signal. 00425_ G-47 Trooper knocked back. 00431_ U-05 Engineer builds a Door. 00432_ Lgt. Ion Engine destroyed. 00434_ Wheel destroyed. 00438_ Critical hit (Burn: +37). 00441_ G-34 Mercenary destroyed. 00442_ Acquired 20 matter. 00442_ K-01 Serf collects debris. 00448_ Critical hit (Burn: +37). 00449_ K-01 Serf collects debris. 00454_ Lgt. Ion Engine destroyed. 00457_ G-47 Trooper destroyed. 00458_ Med. Laser destroyed. Map ----- +----------------------------------------------------+ | | | | | | | | | | | | | | | | | | | | | | | | | ???????????????????????????????????????? | | ???????????????????????????????????????? | | ???????????????????????????????????????? | | ???????????????????????????????????????? | | ???????????????????????????????????????? | | ???????????????????????????????????????? | | ???????????????????????????????????????? | | ????????????????????????###########????? | | ????????????????????????# #????? | | ????????????????????????# #????? | | ????????????????????+#### #????? | | ????????????????????? # #????? | | ??????????????????????? g% #????? | | ????????????????????????#@ #????? | | ????????????????????????# #????? | | ????????????????????????#=* #????? | | ????????????????????????##g########????? | | ??????????????#######????#%#???????#???? | | ??????????????? ???#!#?????? #???? | | ??????????????# ? ??# #????? #???? | | ??????????????# ## ##### #???? | | ??????????????# # #???? | | ??????????????# " #???? | | ??????????????# # #???? | | ??????????????# = # #####+##???? | | ??????????????# !?# #??????????? | | ??????????????########??# #??????????? | | ???????????????????###### #??????????? | | ???????????????????#"""## #??????????? | | ????????????####?###"Y"## #??????????? | | ????????????? ## #??????????? | | ???????????? # ###########? | | ????????????# # #? | | ?????????????##### [[ # #? | | ????? ############ [[ # #? | | ???? [ # #? | | ???? / #? | | ???? ! # """ """ #? | +----------------------------------------------------+ Best States ------------- Heat Dissipation 25 Energy Generation 10 Energy Capacity 250 Matter Stores 300 Matter Capacity 300 Sight Range 16 Terrain Scan Density 85 Evasion (%) 55 Recoil Reduction 1 Item Schematics ----------------- None Robot Schematics ------------------ None Fabricated ------------ Nothing Repaired ---------- Nothing Studied --------- None Alien Tech Used ----------------- None Achievements -------------- None Challenges ------------ None Game ------ Seed TerrainOmegaImpeller Manual? 0 Play Time 00:08:20 Cumulative 26.7 hours Start 2026.07.04 @ 14:01:22 End 2026.07.04 @ 14:07:34 Sessions 1 Manual Loads 0 Difficulty Rogue Special Mode None Game No. 36 Rogue 18 Adventurer 18 Explorer 0 Win Type - Total 0 Types 0/0/0/0/0/0/0/0/0/0 Lore% 22 Gallery% 17 Achievement% 15 Wizard Run 0 Options --------- Layout 0 ASCII 0 Keyboard 1 Movement Vi Keybinds 0 Fullscreen 1 Font 24/Terminus Map View 76x50 Zoom Use 0% Tactical HUD 1 Map Filters NONE Filters NONE Steam 1 RUN: dcf446a8-79c4-462e-8f2c-769b0393c2d0